 Dungeon Crawl Stone Soup version 0.29-a0-717-g6dac4ea423 (webtiles) character file.

Game seed: 16879716206881253599

112363 zeratav the Marksspriggan (level 16, -1/83 HPs)
             Began as a Spriggan Arcane Marksman on June 26, 2022.
             Was the Champion of Dithmenos.
             Killed from afar by a spriggan air mage (41 damage)
             ... with a bolt of lightning
             ... on level 1 of the Depths.
             The game lasted 02:04:33 (40061 turns).

zeratav the Marksspriggan (SpAM)                   Turns: 40061, Time: 02:04:34

Health: -1/83      AC:  9    Str:  6    XL:     16   Next: 11%
Magic:  20/24      EV: 33    Int: 18    God:    Dithmenos [******]
Gold:   1186       SH:  0    Dex: 27    Spells: 17/25 levels left

rFire   + + .      SeeInvis +   z - +0 arbalest {crossbow}
rCold   x x .      Faith    .   (shield currently unavailable)
rNeg    . . .      Spirit   .   v - +4 troll leather armour
rPois   .          Reflect  .   (helmet restricted)
rElec   .          Harm     .   d - -1 cloak of Midnight {Will++ Int-4 Dex+6}
rCorr   .          Rampage  .   (gloves unavailable)
Will    ++++.                   (boots unavailable)
Stlth   +++++++++.              w - amulet "Pukheleb" {Acrobat Int+5}
HPRegen 1.03/turn               D - ring of fire
MPRegen 0.19/turn               S - ring of fire

@: portalling projectiles, wreathed by umbra, very quick
A: very small, no large weapons, unfitting armour, see invisible, speed 3
a: Renounce Religion, Shadow Step, Shadow Form


You were on level 1 of the Depths.
You worshipped Dithmenos.
Dithmenos was exalted by your worship.
You visited 5 branches of the dungeon, and saw 25 of its levels.
You also visited: Sewer.

You collected 2371 gold pieces.
You spent 1185 gold pieces at shops.


Innate Abilities, Weirdness & Mutations

You are very small and have problems with some larger weapons.
You are too small for most types of armour.
You have supernaturally acute eyesight. (SInv)
You cover ground extremely quickly. (Speed+++)


   Skills:
 + Level 8.8 Fighting
 - Level 18.0 Ranged Weapons
 - Level 6.0 Armour
 - Level 15.0 Dodging
 - Level 10.0 Stealth
 - Level 5.0 Spellcasting
 + Level 15.8 Hexes
 - Level 5.0 Translocations
 + Level 8.2 Invocations
 - Level 10.0 Evocations


You had 17 spell levels left.
You knew the following spells:

 Your Spells              Type           Power      Damage    Failure   Level
a - Slow                  Hex            100%       N/A       1%          1
b - Portal Projectile     Hex/Tloc       82%        N/A       1%          3
c - Cause Fear            Hex            28%        N/A       1%          4

Your spell library contained the following spells:

 Spells                   Type           Power      Damage    Failure   Level
 Apportation              Tloc           44%        N/A       2%          1
 Inner Flame              Hex/Fire       65%        N/A       2%          3
 Anguish                  Hex/Necr       16%        N/A       8%          4
 Necrotize                Necr           16%        1d4       19%         1
 Sandblast                Erth           8%         2d5       19%         1
 Shock                    Conj/Air       16%        1d4       19%         1
 Sting                    Tmut/Pois      16%        1d3       19%         1
 Summon Small Mammal      Summ           16%        N/A       19%         1
 Enfeeble                 Hex            28%        N/A       26%         7
 Poisonous Vapours        Pois/Air       8%         N/A       28%         2
 Searing Ray              Conj           8%         2d4       28%         2
 Static Discharge         Conj/Air       4%         N/A       28%         2
 Conjure Flame            Conj/Fire      10%        6-21      50%         3
 Ignite Poison            Fire/Tmut/Pois 10%        N/A       50%         3
 Ozocubu's Armour         Ice            4%         N/A       50%         3
 Stone Arrow              Conj/Erth      8%         3d7       50%         3
 Animate Armour           Summ/Erth      8%         N/A       88%         4
 Dispel Undead            Necr           4%         3d7       88%         4
 Olgreb's Toxic Radiance  Pois           4%         N/A       88%         4
 Sticky Flame             Conj/Fire      10%        2d3       88%         4
 Blade Hands              Tmut           2%         N/A       99%         5
 Lightning Bolt           Conj/Air       2%         1d13      99%         5
 Iron Shot                Conj/Erth      2%         9d2       100%        6
 Ozocubu's Refrigeration  Ice            2%         4d5       100%        7
 Maxwell's Capacitive Co  Air            2%         ∞         100%        8

Inventory:

Hand Weapons
 z - a +0 arbalest (weapon) {crossbow}
   (You took it off an orc warlord on level 1 of the Orcish Mines)
 C - a +2 dagger of flaming {short}
   (You took it off an orc priest on level 4 of the Dungeon)
 J - a +2 vorpal shortbow {bow}
   (You took it off a centaur on level 8 of the Dungeon)
 M - a +0 demon blade {long}
   (You found it on level 9 of the Dungeon)
 T - a +2 long sword of freezing {long}
   (You found it on level 5 of the Lair of Beasts)
Missiles
 s - a silver boomerang {throwing}
Armour
 d - the -1 cloak of Midnight (worn) {Will++ Int-4 Dex+6}
   (You found it on level 14 of the Dungeon)

   Int:       It affects your intelligence (-4).
   Dex:       It affects your dexterity (+6).
   Will:      It greatly increases your willpower.
 v - a +4 troll leather armour (worn)
   (You found it on level 1 of the Orcish Mines)
 x - a +2 robe of positive energy
   (You took it off an orc sorcerer on level 1 of the Orcish Mines)
Jewellery
 p - a +4 ring of protection
   (You found it on level 3 of the Dungeon)
 w - the amulet "Pukheleb" (around neck) {Acrobat Int+5}
   (You found it on level 5 of the Lair of Beasts)

   [amulet of the acrobat]

   It increases your evasion while moving and waiting.
   Int:       It affects your intelligence (+5).
 y - a ring of ice
   (You found it on level 7 of the Dungeon)
 D - a ring of fire (left hand)
   (You found it on level 4 of the Dungeon)
 F - the ring of Umeghioj {rCorr Slay+4}
   (You acquired it on level 2 of the Orcish Mines)

   [ring of slaying]

   Slay:      It affects your accuracy & damage with ranged weapons and melee
   (+4).
   rCorr:     It protects you from acid and corrosion.
 I - a ring of positive energy
   (You found it on level 8 of the Dungeon)
 S - a ring of fire (right hand)
   (You found it on level 11 of the Dungeon)
Wands
 a - a wand of acid (7)
   (You found it on level 8 of the Dungeon)
 m - a wand of paralysis (8)
   (You found it on level 6 of the Dungeon)
 O - a wand of polymorph (10)
   (You found it on level 10 of the Dungeon)
 P - a wand of flame (17)
   (You took it off a kobold brigand on level 10 of the Dungeon)
 R - a wand of mindburst (1)
   (You found it on level 11 of the Dungeon)
 X - a wand of digging (3)
   (You found it on level 14 of the Dungeon)
 Y - a wand of iceblast (12)
   (You found it on level 14 of the Dungeon)
Scrolls
 b - 6 scrolls of vulnerability {!r!r}
 j - 7 scrolls of amnesia
 k - 6 scrolls of summoning
 q - 3 scrolls of teleportation {@r4}
 r - 3 scrolls of enchant weapon
 u - a scroll of blinking {!r}
 E - 3 scrolls of fear
 G - 4 scrolls of poison {!r}
 H - 6 scrolls of magic mapping {!r}
 K - a scroll of brand weapon
 N - a scroll of immolation {!r!r}
 Q - 2 scrolls of fog
 W - 7 scrolls of identify {@r1}
Potions
 c - 3 potions of haste {@q3}
 e - 5 potions of attraction {!q}
 f - 7 potions of mutation {!q}
 g - 5 potions of heal wounds {@q2}
 h - 9 potions of curing {@q1}
 i - 7 potions of might
 l - 5 potions of ambrosia
 n - a potion of cancellation
 t - a potion of brilliance
 A - 2 potions of resistance
 B - 5 potions of flight
 V - 2 potions of berserk rage {!q}
 Z - 5 potions of lignification {!q}
Miscellaneous
 o - a box of beasts
   (You found it on level 11 of the Dungeon)
 U - a tin of tremorstones (2/2) {throwing}
   (You found it on level 12 of the Dungeon)

Dungeon Overview and Level Annotations

Branches:
Dungeon (15/15) Zot: 23862  Temple (1/1) D:7 Zot: 5939    Lair (6/6) D:11 Zot: 26029
  Swamp (0/4) Lair:3        Snake (0/4) Lair:2        Slime (0/5) Lair:5
    Orc (2/2) D:12 Zot: 9687     Elf (0/3) Orc:2        Vaults (0/5) D:14
 Depths (1/4) D:15 Zot: 5910   Sewer (visited)

Altars:
Ashenzari
Cheibriados
Dithmenos
Elyvilon
Fedhas
Gozag
Hepliaklqana
Kikubaaqudgha
Makhleb
Nemelex Xobeh
Okawaru
Qazlal
Ru
Sif Muna
Trog
Uskayaw
Vehumet
Wu Jian
Xom
Yredelemnul
Zin
The Shining One
Beogh
Jiyva

Shops:
D:4 [[:   D:6 [   Orc:1 :   Orc:2 ?[(*

Annotations:
D:4 Ijyb
D:13 Frances

#.......#####
#...........#
#.....#.###.###
####.....+....<†.#
#........##....#.#
#.....#'##.§.....#
#######.....#..§§.######
....##..########§§§..####
....#......#####@§......#
....'..(..T'..i§§#...##.#
T........(.#######.####.#
##.§T......# #........#
..#§#......# ##########
.##§#§.....# . #§§§.....#
#§######## #§#


You could see a spriggan air mage (repels missiles).


Message History

The bolt closely misses the deep troll shaman.
The deep troll shaman shouts!
Your shadow shoots a bolt.
The bolt hits the deep troll shaman but does no damage.
You hear a shout!
HP[+1] Fire: z) +0 arbalest {crossbow}
Press: ? - help, Q - select action, (/) - cycle Shift-Dir - straight line, f/p - deep troll shaman
Aim: a deep troll shaman (umbra, 74% to hit)
You shoot a bolt. The bolt hits the deep troll shaman!!!
An iron troll comes into view.
HP[+1] Fire: z) +0 arbalest {crossbow}
Press: ? - help, Q - select action, (/) - cycle Shift-Dir - straight line, f/p - deep troll shaman
Aim: a deep troll shaman (severely wounded, umbra, 74% to hit)
You shoot a bolt. The iron troll shouts!
The bolt hits the deep troll shaman!!
You kill the deep troll shaman!
Dithmenos accepts your kill.
A spriggan air mage comes into view.
HP[+1] Fire: z) +0 arbalest {crossbow}
Press: ? - help, Q - select action, (/) - cycle Shift-Dir - straight line, f - iron troll
Aim: an iron troll (umbra, 88% to hit)
You shoot a bolt.
The bolt hits the iron troll but does no damage.
You hear a grinding noise.
A deep troll earth mage comes into view.
HP[+1] Fire: z) +0 arbalest {crossbow}
Press: ? - help, Q - select action, (/) - cycle Shift-Dir - straight line, f/p - iron troll
Aim: an iron troll (umbra, 88% to hit)
You shoot a bolt. The bolt hits the iron troll!
Your shadow shoots a bolt.
The bolt hits the iron troll but does no damage.
You hear a shout!
A deep troll comes into view. x2
HP[+2]
You regained 2 hp, and now have 65/83 hp.
There is an open door here.
HP[+1]
You see here 5 curare-tipped darts {=fthrowing}.
HP[+1] Some rock shatters into small pieces.
HP[+1]
The deep troll earth mage gestures next to the spriggan air mage while chanting.
Some rock shatters into small pieces.
HP[+1]
There is an open door here.
HP[+1] HP[+1]
You shoot a bolt.
The bolt closely misses the spriggan air mage.
Your shadow shoots a bolt.
The bolt completely misses the spriggan air mage.
The spriggan air mage waves its arms in wide circles.
The air twists around and strikes you!
HP[-11]
You take 11 damage, and now have 60/83 hp.
You are too injured to fight recklessly!
There is a stone staircase leading down here.
HP[+1] Fire: z) +0 arbalest {crossbow}
Press: ? - help, Q - select action, (/) - cycle Shift-Dir - straight line, f/p - spriggan air mage
Aim: a spriggan air mage, wearing a +0 robe (repelling missiles, umbra, 2% to hit)
You shoot a bolt.
The bolt completely misses the spriggan air mage.
HP[+1] Fire: z) +0 arbalest {crossbow}
Press: ? - help, Q - select action, (/) - cycle Shift-Dir - straight line, f/p - spriggan air mage
Aim: a spriggan air mage, wearing a +0 robe (repelling missiles, umbra, 2% to hit)
You shoot a bolt.
The bolt completely misses the spriggan air mage.
The bolt closely misses the deep troll earth mage.
Your shadow shoots a bolt.
The bolt completely misses the spriggan air mage.
The spriggan air mage barely misses you.
HP[+1] HP[+1]
Casting: Slow (safe; 1% risk of failure)
Confirm with . or Enter, or press ? or * to list all spells.
You begin teleporting projectiles to their destination.
The spriggan air mage waves its arms in wide circles.
The air twists around and strikes you!!
* * * LOW HITPOINT WARNING * * *
You emit a cloud of dark smoke.
The deep troll earth mage points at the rock wall and mumbles some strange words.
You hear a grinding noise.
HP[-25] MP[-3]
You take 25 damage, and now have 39/83 hp.
MASSIVE DAMAGE!! (PAUSE)
You lost 3 mp, and now have 21/24 mp.
Fire: z) +0 arbalest {crossbow}
Press: ? - help, Q - select action, (/) - cycle Shift-Dir - straight line, f/p - spriggan air mage
Aim: a spriggan air mage, wearing a +0 robe (black smoke, repelling missiles, umbra, 2% to hit)
You magically shoot a bolt.
The bolt barely misses the spriggan air mage.
The spriggan air mage points at you and mumbles some strange words.
The bolt of lightning hits you!!!
You die...

Skill      XL: |  1  2  3  4  5  6  7  8  9 10 11 12 13 14 15 16 |
---------------+-------------------------------------------------+-----
Ranged Weapons | 3 4 5 6 7 8 10 11 13 16 17 18 | 18.0
Stealth        | 3 5 10 | 10.0
Fighting       | 1 3 4 7 8 |  8.8
Dodging        | 3 5 10 12 15 | 15.0
Spellcasting   | 2 4 5 |  5.0
Hexes          | 4 5 9 12 15 | 15.8
Evocations     | 7 10 | 10.0
Translocations | 5 |  5.0
Armour         | 5 6 |  6.0
Invocations    | 7 8 |  8.2

Action                   |  1- 3 |  4- 6 |  7- 9 | 10-12 | 13-15 | 16-18 || total
-------------------------+-------+-------+-------+-------+-------+-------++-------
Melee: Dagger            |       |       |       |     5 |     1 |       ||     6
 Fire: Sling             |   145 |   274 |   739 |     3 |       |       ||  1161
       Shortbow          |       |       |       |  1550 |   170 |       ||  1720
       Hand crossbow     |       |       |       |       |  1039 |       ||  1039
       Arbalest          |       |       |       |       |   519 |    34 ||   553
Throw: Dart              |       |       |    17 |       |       |       ||    17
 Cast: Slow              |     3 |    15 |    59 |    55 |    32 |       ||   164
       Cause Fear        |       |       |       |       |     3 |       ||     3
       Portal Projectile |       |       |       |       |     6 |     1 ||     7
Invok: Shadow Step       |       |       |       |       |     1 |       ||     1
Evoke: Wand              |       |       |       |     9 |     3 |       ||    12
  Use: Scroll            |       |       |    12 |     8 |    22 |       ||    42
       Potion            |       |       |     1 |     1 |     2 |       ||     4
 Stab: Paralysed         |       |       |       |     5 |       |       ||     5
       Sleeping          |       |       |       |       |     1 |       ||     1
Armor: Robe              |     8 |    33 |    29 |    54 |    23 |       ||   147
       Acid dragon scale |       |       |       |       |     7 |       ||     7
       Troll leather arm |       |       |       |       |    62 |       ||    62
Dodge: Dodged            |    45 |   118 |   118 |   398 |  1211 |    13 ||  1903

Levels and vault maps discovered:
D:1:      ldierk_walled_garden_2, layout_basic, serial_rivers,
          chequers_serial_rivers_micro_e, chequers_serial_rivers_large_a,
          chequers_serial_rivers_small_a, chequers_serial_rivers_large_b,
          ebering_ecumenical_altar_webs
D:2:      layout_basic, basic_altar, uniq_terence
D:3:      layout_loops_ring, fedhas_altar_fruit_tree, lemuel_round_altar
D:4:      layout_rooms, led_sif_book, lemuel_coloured_pillars_altar,
          yredelemnul_altar_generic, portal_sewer_entry_a, serial_shops,
          nicolae_diamond_shop, nicolae_stop_n_shop_1,
          nicolae_shop_temple_entry_statues_fountains, uniq_edmund, uniq_ijyb,
          uniq_crazy_yiuf_cottage
D:5:      layout_cave_pools, serial_column_ruins, column_ruins_open_large,
          column_ruins_columns_corner, column_ruins_columns_straight,
          uniq_sigmund, uniq_duvessa, uniq_blork_the_orc
D:6:      layout_basic, bloody_trog, serial_shops, nicolae_shop_behind_doors
D:7:      layout_loops_ring, nicolae_ru_awakened_eye,
          minmay_temple_entry_proselytizer, minmay_misc_feat_cross,
          chequers_serial_rivers_micro_d, minmay_ruffians, uniq_pikel
D:8:      layout_layer_cave, nicolae_vehumet_altar_sigil
D:9:      layout_irregular_city, mainiacjoe_overflow_cross_hatched
D:10:     lemuel_ice_statue, layout_loops_cross, grunt_decor_junction,
          kennysheep_nondescript, blue_anna_alchemist, uniq_psyche
D:11:     layout_small_grid, minmay_lair_entry_lava
D:12:     layout_roguey, orc_0_dummy
D:13:     layout_long_grid
D:14:     nzn_winding_woodlands_cross [nzn_winding_woodlands_5x15_default,
          nzn_winding_woodlands_5x15_default,
          nzn_winding_woodlands_5x15_pockets,
          nzn_winding_woodlands_5x15_crooked,
          nzn_winding_woodlands_15x15_five_gardens], layout_rooms,
          david_vaults_4, serial_bayou_pond_e, uniq_josephine, uniq_frances
D:15:     grunt_enter_depths_magical_seal, layout_loops_cross,
          chequers_serial_rivers_micro_e, hive_lemuel, uniq_louise
Temple:   dshaligram_water_room_temple
Lair:1:   layout_cave_pods, minmay_shattered_shrine
Lair:2:   dreamdust_labyrinth, layout_cave_pods, guppyfry_snake_entry_island,
          st_stairs_5, worms_lemuel, grunt_megastairs_2
Lair:3:   layout_small_grid, skrybe_swamp_entry_bodies, st_stairs_13,
          grunt_megastairs_3, infiniplex_staircase_pool_2
Lair:4:   layout_regular_city, grunt_forest_small_clearings,
          eino_house_with_fridge
Lair:5:   layout_regular_city, dpeg_slime_entry_corner, beast_lair_carwin_8
Lair:6:   evilmike_catoblepas_cave, layout_regular_city
Orc:1:    layout_diamond_mine, basic_altar, nicolae_shop_self_help, uniq_erolcha
Orc:2:    grunt_orc_community_town_hall, layout_diamond_mine,
          grunt_orc_community_big_house_1, grunt_orc_community_big_house_1,
          grunt_orc_community_house_1, grunt_orc_community_house_1,
          grunt_orc_community_house_1, grunt_orc_community_house_3,
          grunt_orc_community_house_1, grunt_orc_community_house_3
Depths:1: layout_basic, nicolae_hepliaklqana_hazy_memory, hell_entry,
          bh_walls_and_bars, minmay_shop_star

Notes
Turn   | Place    | Note
-------+----------+-------------------------------------------
     0 | D:1      | zeratav the Spriggan Arcane Marksman began the quest for
                  | the Orb.
     0 | D:1      | Reached XP level 1. HP: 9/9 MP: 3/3
     0 | D:1      | magus.rc [v1.9.6]
    18 | D:1      | HP: 2/9 [hobgoblin (3)]
   356 | D:1      | Reached skill level 3 in Ranged Weapons
   395 | D:1      | Reached XP level 2. HP: 10/14 MP: 5/5
  1081 | D:1      | Found a faded altar of an unknown god.
  1304 | D:2      | Reached skill level 4 in Ranged Weapons
  1306 | D:2      | Found a glowing golden altar of the Shining One.
  1620 | D:2      | Reached XP level 3. HP: 17/17 MP: 6/6
  1761 | D:2      | You add the spells Sting, Poisonous Vapours and Olgreb's
                  | Toxic Radiance to your library.
  1858 | D:2      | Noticed Terence
  1992 | D:2      | Killed Terence
  1993 | D:2      | Reached skill level 5 in Ranged Weapons
  1993 | D:2      | Reached XP level 4. HP: 17/21 MP: 7/7
  2307 | D:3      | You add the spells Ozocubu's Armour and Ozocubu's
                  | Refrigeration to your library.
  2471 | D:3      | Noticed a scorpion
  2489 | D:3      | Killed a scorpion
  2490 | D:3      | Reached skill level 6 in Ranged Weapons
  2490 | D:3      | Reached XP level 5. HP: 25/25 MP: 6/8
  2547 | D:3      | Found a blossoming altar of Fedhas.
  2808 | D:3      | Found an ornate altar of the Wu Jian Council.
  3219 | D:3      | Reached skill level 1 in Stealth
  3270 | D:4      | Found Utsec's Book Shop.
  3445 | D:4      | Reached skill level 2 in Stealth
  3461 | D:4      | Noticed Ijyb
  3510 | D:4      | Reached skill level 7 in Ranged Weapons
  3510 | D:4      | Reached skill level 3 in Stealth
  3553 | D:4      | Found a glowing drain.
  3598 | Sewer    | Entered a sewer
  3647 | Sewer    | Noticed Pargi
  3678 | Sewer    | Reached XP level 6. HP: 17/29 MP: 9/9
  3687 | Sewer    | HP: 6/29 [Pargi (2)]
  3699 | Sewer    | HP: 6/29 [frilled lizard (1)]
  3704 | Sewer    | HP: 3/29 [frilled lizard (2)]
  4059 | D:4      | Reached skill level 4 in Stealth
  4503 | D:4      | Reached skill level 5 in Stealth
  4587 | D:4      | Reached skill level 8 in Ranged Weapons
  4769 | D:4      | Found a runed translucent door.
  4770 | D:4      | Noticed Crazy Yiuf
  4807 | D:4      | Killed Crazy Yiuf
  4808 | D:4      | Reached XP level 7. HP: 32/32 MP: 10/10
  4886 | D:4      | Found Koet's Armour Shoppe.
  4899 | D:4      | Noticed Edmund
  5105 | D:4      | Killed Edmund
  5106 | D:4      | Reached skill level 9 in Ranged Weapons
  5278 | D:4      | HP: 8/32 [orc wizard/magic dart (3)]
  5283 | D:4      | HP: 5/32 [orc wizard/magic dart (4)]
  5633 | D:4      | You fall into a shaft and drop 3 floors!
  5821 | D:7      | Reached skill level 10 in Ranged Weapons
  5830 | D:6      | Found a bloodstained altar of Trog.
  5864 | D:5      | Entered Level 5 of the Dungeon
  5871 | D:5      | Noticed Dowan
  5897 | D:5      | Identified the +0 ring mail of the Will of the Gods {Dex+2}
  5977 | D:5      | Reached skill level 1 in Fighting
  5977 | D:5      | Reached skill level 3 in Dodging
  6045 | D:4      | Found Oradau's Antique Armour Shoppe.
  6059 | D:4      | Reached skill level 2 in Spellcasting
  6086 | D:4      | Reached skill level 4 in Hexes
  6086 | D:4      | Reached XP level 8. HP: 37/37 MP: 12/12
  6095 | D:4      | Found a glowing silver altar of Zin.
  6174 | D:4      | Found a basalt altar of Yredelemnul.
  6383 | D:4      | Found a shimmering blue altar of Sif Muna.
  6541 | D:5      | Noticed Blork the orc
  6568 | D:4      | Killed Blork the orc
  6718 | D:5      | Noticed Sigmund
  7160 | D:5      | Reached skill level 4 in Dodging
  7160 | D:5      | Reached skill level 3 in Spellcasting
  7294 | D:5      | Noticed Duvessa
  7639 | D:4      | Reached skill level 2 in Fighting
  7853 | D:5      | Killed Duvessa
  7874 | D:5      | Killed Dowan
  7875 | D:5      | Reached skill level 5 in Hexes
  8556 | D:5      | Reached skill level 4 in Spellcasting
  8665 | D:5      | Killed Sigmund
  8666 | D:5      | Reached skill level 5 in Dodging
  9192 | D:6      | Reached skill level 3 in Fighting
  9192 | D:6      | Reached XP level 9. HP: 44/44 MP: 16/16
  9683 | D:6      | Found Vadupoyg's Antique Armour Shop.
  9686 | D:6      | Bought a silken robe for 153 gold pieces
  9686 | D:6      | Identified the +1 robe of the Equinox {+Inv rF+ Int-4
                  | Archmagi} (You bought it in a shop on level 6 of the
                  | Dungeon)
  9821 | D:6      | Identified the +11 chain mail "Riczi" {Str+2 Int+4}
 10014 | D:7      | Reached skill level 11 in Ranged Weapons
 10014 | D:7      | Reached skill level 6 in Dodging
 10014 | D:7      | Reached skill level 5 in Spellcasting
 10350 | D:7      | Noticed Pikel
 10361 | D:7      | Found a staircase to the Ecumenical Temple.
 10416 | D:7      | Noticed an eight-headed hydra
 10578 | Temple   | Entered the Ecumenical Temple
 10668 | Temple   | Became a worshipper of Dithmenos the Shadowed
 10873 | D:7      | Found a sacrificial altar of Ru.
 10923 | D:7      | Reached skill level 4 in Fighting
 10957 | D:7      | Reached skill level 7 in Dodging
 11273 | D:7      | Killed Pikel
 11274 | D:7      | Reached skill level 9 in Dodging
 11403 | D:7      | Killed an eight-headed hydra
 11404 | D:7      | Reached skill level 10 in Dodging
 11404 | D:7      | Reached XP level 10. HP: 51/51 MP: 18/18
 11733 | D:8      | You pick up a book of Maledictions and begin reading...
 11733 | D:8      | You add the spells Anguish and Enfeeble to your library.
 11824 | D:8      | You pick up a book of Cantrips and begin reading...
 11824 | D:8      | You add the spells Necrotize, Summon Small Mammal and
                  | Apportation to your library.
 11837 | D:8      | Reached skill level 5 in Fighting
 12686 | D:8      | Found a radiant altar of Vehumet.
 12701 | D:8      | Reached * piety under Dithmenos
 12766 | D:8      | Reached skill level 6 in Fighting
 12940 | D:8      | Reached skill level 12 in Ranged Weapons
 13127 | D:8      | Paralysed by a hornet for 3 turns
 13802 | D:9      | Reached skill level 7 in Fighting
 13834 | D:9      | Reached skill level 13 in Ranged Weapons
 14075 | D:9      | Reached XP level 11. HP: 56/58 MP: 19/19
 14160 | D:9      | Reached ** piety under Dithmenos
 14306 | D:9      | Found a burning altar of Makhleb.
 15224 | D:10     | Entered Level 10 of the Dungeon
 15488 | D:10     | Reached skill level 8 in Fighting
 15649 | D:10     | Reached skill level 14 in Ranged Weapons
 15928 | D:10     | Noticed Psyche
 15953 | D:10     | Killed Psyche
 16484 | D:10     | You pick up a book of Lightning and begin reading...
 16484 | D:10     | You add the spells Static Discharge, Lightning Bolt and
                  | Maxwell's Capacitive Coupling to your library.
 17065 | D:11     | Reached *** piety under Dithmenos
 17249 | D:11     | Noticed a two-headed ogre
 17286 | D:11     | Killed a two-headed ogre
 17287 | D:11     | Reached skill level 15 in Ranged Weapons
 17310 | D:11     | Noticed a fire dragon
 17868 | D:11     | Killed a fire dragon
 17869 | D:11     | Reached skill level 16 in Ranged Weapons
 17869 | D:11     | Reached skill level 1 in Evocations
 17997 | D:11     | Found a staircase to the Lair.
 18184 | D:12     | Noticed a white ugly thing
 18238 | D:12     | Killed a white ugly thing
 18239 | D:12     | Reached skill level 3 in Evocations
 18402 | D:12     | Noticed a deep elf pyromancer
 18446 | D:12     | Reached skill level 4 in Evocations
 18505 | D:12     | Noticed a deep elf pyromancer
 18571 | D:12     | Reached skill level 5 in Evocations
 18727 | D:12     | Killed a deep elf pyromancer
 18728 | D:12     | Reached skill level 6 in Evocations
 18783 | D:12     | Found a staircase to the Orcish Mines.
 18849 | D:12     | Killed a deep elf pyromancer
 18850 | D:12     | Reached skill level 7 in Evocations
 18850 | D:12     | Reached XP level 12. HP: 64/64 MP: 20/20
 19054 | D:12     | Reached skill level 8 in Evocations
 19238 | D:12     | Reached skill level 1 in Translocations
 19249 | D:12     | Reached **** piety under Dithmenos
 19250 | D:12     | Reached skill level 2 in Translocations
 19658 | Orc:1    | Entered Level 1 of the Orcish Mines
 19658 | Orc:1    | Noticed Erolcha
 19691 | D:13     | Noticed a boulder beetle
 19789 | D:13     | Reached skill level 3 in Translocations
 19793 | D:13     | Reached skill level 9 in Evocations
 20171 | D:12     | Reached skill level 4 in Translocations
 20333 | D:13     | Killed a boulder beetle
 20334 | D:13     | Reached skill level 5 in Translocations
 20336 | D:13     | You pick up a book of Maledictions and begin reading...
 21012 | D:14     | Reached skill level 10 in Evocations
 21047 | D:14     | Noticed a tengu warrior
 21148 | D:14     | Killed a tengu warrior
 21199 | D:14     | Reached skill level 6 in Stealth
 21433 | D:14     | Noticed an ettin
 21542 | D:14     | Killed an ettin
 21543 | D:14     | Reached skill level 7 in Stealth
 21631 | D:14     | Found a gate to the Vaults.
 21677 | D:14     | Reached skill level 11 in Dodging
 21706 | D:14     | Reached skill level 8 in Stealth
 21706 | D:14     | Noticed Josephine
 21707 | D:14     | Noticed a catoblepas
 21754 | D:14     | Noticed a two-headed ogre
 21754 | D:14     | Noticed a boulder beetle
 21789 | D:14     | Killed a boulder beetle
 21941 | D:14     | Killed a two-headed ogre
 21942 | D:14     | Reached skill level 9 in Stealth
 21990 | D:14     | Noticed a boulder beetle
 21993 | D:14     | Reached skill level 12 in Dodging
 22003 | D:14     | Killed a boulder beetle
 22015 | D:14     | Noticed a centaur warrior
 22019 | D:14     | Noticed a yaktaur captain
 22022 | D:14     | Noticed Frances
 22124 | D:13     | Learned a level 3 spell: Portal Projectile
 22470 | D:14     | Noticed a five-headed hydra
 22499 | D:14     | Killed a five-headed hydra
 22500 | D:14     | Reached skill level 10 in Stealth
 22791 | D:14     | Reached XP level 13. HP: 66/68 MP: 21/21
 22814 | D:14     | Noticed a fire dragon
 22874 | D:14     | HP: 15/68 [fire dragon/blast of flame (7)]
 23230 | D:13     | Killed a fire dragon
 23552 | D:14     | Reached skill level 13 in Dodging
 24628 | D:14     | Killed Josephine
 24832 | D:14     | Reached skill level 14 in Dodging
 24883 | D:14     | Identified the -1 cloak of Midnight {Will++ Int-4 Dex+6}
 25509 | D:15     | Entered Level 15 of the Dungeon
 25769 | D:15     | HP: 15/68 [centaur warrior/arrow (17)]
 26058 | D:14     | Reached skill level 15 in Dodging
 26303 | D:14     | Reached skill level 6 in Hexes
 26586 | D:15     | Reached skill level 7 in Hexes
 26909 | D:15     | Reached skill level 8 in Hexes
 27313 | D:15     | HP: 10/68 [meliai/divine providence (13)]
 27685 | D:15     | Reached skill level 9 in Hexes
 27787 | D:15     | Reached skill level 1 in Armour
 28226 | D:15     | Identified a +0 crystal plate armour
 28227 | D:15     | v - a +0 crystal plate armour {rare=g}
 28228 | D:15     | You drop a +0 crystal plate armour {rare=g}.
 28230 | D:15     | Noticed Louise
 28244 | D:15     | v - a +0 crystal plate armour {rare=g}
 28288 | D:15     | Killed Louise
 28289 | D:15     | Reached skill level 2 in Armour
 28294 | D:15     | x - a +1 eveningstar of flaming {macerare=g}
 28295 | D:15     | You drop a +1 eveningstar of flaming {macerare=g}.
 28341 | D:15     | You drop a +0 crystal plate armour {rare=g}.
 28397 | D:15     | Reached skill level 3 in Armour
 28433 | D:15     | Found a staircase to the Depths.
 28474 | D:15     | x - a +1 eveningstar of flaming {macerare=g}
 28622 | D:15     | v - a +0 crystal plate armour {rare=g}
 28623 | D:15     | You drop a +0 crystal plate armour {rare=g}.
 28624 | D:15     | You drop a +1 eveningstar of flaming {macerare=g}.
 28733 | Orc:1    | Killed Erolcha
 28735 | Orc:1    | Noticed an orc warlord
 28744 | Orc:1    | HP: 15/67 [barbs]
 29018 | Orc:1    | Found Tixt's Self-Improvement Boutique.
 29065 | Orc:1    | Reached ***** piety under Dithmenos
 29086 | Orc:1    | Reached skill level 4 in Armour
 29313 | Orc:1    | Learned a level 4 spell: Cause Fear
 29623 | Orc:2    | Entered Level 2 of the Orcish Mines
 29873 | Orc:2    | Found Vucyus's Assorted Antiques.
 29970 | Orc:2    | Found a staircase to the Elven Halls.
 30006 | Orc:1    | Killed an orc warlord
 30007 | Orc:1    | Reached skill level 5 in Armour
 30007 | Orc:1    | Reached XP level 14. HP: 37/73 MP: 22/22
 30392 | Orc:2    | Bought a scroll of identify for 58 gold pieces
 30629 | Orc:2    | Noticed Saint Roka
 30638 | Orc:2    | HP: 18/73 [Saint Roka/divine providence (15)]
 30647 | Orc:2    | HP: 9/73 [orc priest/divine providence (14)]
 31000 | Orc:2    | Killed Saint Roka
 31001 | Orc:2    | Reached skill level 10 in Hexes
 31093 | Orc:2    | Found Roonauhe's Antique Armour Boutique.
 31104 | Orc:2    | Found Harhure's Antique Weapon Shop.
 31439 | Orc:2    | Found Politz's Magic Scroll Boutique.
 31448 | Orc:2    | Bought a scroll of acquirement for 780 gold pieces
 31448 | Orc:2    | Acquired the ring of Umeghioj {rCorr Slay+4}
 31959 | Orc:2    | Bought a scroll of enchant armour for 112 gold pieces
 31959 | Orc:2    | Bought a scroll of identify for 30 gold pieces
 31959 | Orc:2    | Bought a scroll of magic mapping for 52 gold pieces
 32079 | Lair:1   | Entered Level 1 of the Lair of Beasts
 32273 | Lair:1   | Reached skill level 6 in Armour
 32454 | Lair:1   | Reached ****** piety under Dithmenos
 32716 | Lair:1   | Reached skill level 11 in Hexes
 32996 | Lair:1   | Reached skill level 17 in Ranged Weapons
 33588 | Lair:1   | magus.rc [v1.9.6]
 33916 | Lair:1   | Reached skill level 12 in Hexes
 34251 | Lair:2   | Found a runed translucent door.
 34266 | Lair:2   | Found a staircase to the Snake Pit.
 34328 | Lair:2   | You add the spells Sandblast, Stone Arrow and Dispel Undead
                  | to your library.
 34328 | Lair:2   | Got the Grimoire of Evil Rituals and Earth
 34759 | Lair:2   | Reached XP level 15. HP: 59/77 MP: 23/23
 34970 | Lair:2   | You pick up a book of Iron and begin reading...
 34970 | Lair:2   | You add the spells Animate Armour, Blade Hands and Iron
                  | Shot to your library.
 34976 | Lair:2   | Reached skill level 18 in Ranged Weapons
 35236 | Lair:2   | Reached skill level 1 in Invocations
 35252 | Lair:2   | You add the spells Conjure Flame, Ignite Poison and Sticky
                  | Flame to your library.
 35361 | Lair:3   | Reached skill level 13 in Hexes
 35460 | Lair:3   | Reached skill level 2 in Invocations
 35656 | Lair:3   | Found a staircase to the Swamp.
 35894 | Lair:3   | Reached skill level 3 in Invocations
 36982 | Lair:4   | Reached skill level 4 in Invocations
 37388 | Lair:4   | Reached skill level 14 in Hexes
 37548 | Lair:5   | Reached skill level 5 in Invocations
 37665 | Lair:5   | Identified the amulet "Pukheleb" {Acrobat Int+5}
 37953 | Lair:5   | Reached skill level 6 in Invocations
 38067 | Lair:5   | Found a viscous altar of Jiyva.
 38067 | Lair:5   | Found a staircase to the Slime Pits.
 38361 | Lair:6   | Entered Level 6 of the Lair of Beasts
 38523 | Lair:6   | Reached skill level 15 in Hexes
 38546 | Lair:6   | L - a +0 triple sword {longrare=g}
 38606 | Lair:6   | You drop a +0 triple sword {longrare=g}.
 38630 | Lair:6   | L - a +0 triple sword {longrare=g}
 38643 | Lair:5   | You drop a +0 triple sword {longrare=g}.
 38703 | Lair:6   | Reached skill level 7 in Invocations
 39410 | Lair:6   | You add the spells Shock and Searing Ray to your library.
 39410 | Lair:6   | Got Sif Muna's Disquisition on Nocuous Attacks
 39622 | Lair:5   | L - a +0 triple sword {longrare=g}
 39624 | Lair:5   | You drop a +0 triple sword {longrare=g}.
 39854 | Depths:1 | Entered Level 1 of the Depths
 39896 | D:15     | Reached XP level 16. HP: 82/82 MP: 24/24
 39997 | Depths:1 | Reached skill level 8 in Invocations
 40061 | Depths:1 | Killed from afar by a spriggan air mage

Vanquished Creatures
  Saint Roka (Orc:2)
  An orc warlord (Orc:1)
  Louise (D:15)
  A stone giant (Depths:1)
  A minotaur (Lair:2)
  2 ettins
  Josephine (D:14)
  2 fire dragons
  3 boulder beetles
  11 hydras
  A yaktaur captain (D:14)
  Erolcha (Orc:1)
  4 centaur warriors
  An ogre mage (D:14)
  4 catoblepae
  3 two-headed ogres
  3 deep troll shamans
  2 tengu warriors
  13 death yaks
  An orc high priest (Orc:2)
  2 iron trolls
  A skeletal warrior (D:14)
  A deep troll (D:15)
  2 lindwurms
  A bog body (Lair:3)
  2 deep elf zephyrmancers (D:15)
  2 necromancers
  4 deep elf pyromancers
  Pikel (D:7)
  A wizard (Depths:1)
  5 orc knights
  7 manticores
  3 orc sorcerers
  5 ugly things
  4 cyclopes
  A centaur zombie (D:15)
  10 elephants
  A guardian serpent (shapeshifter) (D:14)
  An ice statue (D:10)
  4 black mambas
  A naga mage (D:15)
  13 cane toads
  2 unseen horrors
  A torpor snail (Lair:6)
  13 komodo dragons
  5 rime drakes
  Psyche (D:10)
  An efreet (D:14)
  A tengu conjurer (D:15)
  A meliai (shapeshifter) (D:15)
  5 trolls
  3 meliai (D:15)
  2 polar bears
  2 hornets
  26 blink frogs
  10 slime creatures
  Sigmund (D:5)
  A centaur simulacrum (D:15)
  3 humans (D:7)
  10 wyverns
  94 yaks
  8 basilisks
  9 wraiths
  8 vampire mosquitoes
  3 wargs (Orc:2)
  2 swamp worms (Lair:2)
  2 nagas (Lair:2)
  Edmund (D:4)
  2 acid dragons
  Duvessa (D:5)
  16 water moccasins
  An ice beast (D:6)
  2 sky beasts
  3 black bears
  44 orc warriors
  3 ogres
  21 wolves
  A phantom (D:7)
  15 centaurs
  10 bullfrogs
  3 kobold brigands
  Blork the orc (D:4)
  3 necrophages
  3 gnoll sergeants
  3 scorpions
  5 wights (D:7)
  Dowan (D:5)
  4 killer bees (D:11)
  2 howler monkeys (D:7)
  A hound (D:5)
  A jelly (D:4)
  24 orc priests
  Crazy Yiuf (D:4)
  3 iguanas
  Terence (D:2)
  33 orc wizards
  3 yak simulacra (Lair:4)
  2 polar bear simulacra (Lair:4)
  A wolf simulacrum (Lair:4)
  A boggart simulacrum (D:15)
  15 gnolls
  A river rat (D:4)
  11 adders
  2 shadow imps
  2 worms
  4 dart slugs
  101 orcs
  7 endoplasms
  3 giant cockroaches
  6 goblins
  7 hobgoblins
  6 jackals
  13 kobolds
  A quokka (D:1)
  9 ball pythons
  5 bats
  5 frilled lizards
  4 rats
  5 river rat simulacra (Lair:4)
766 creatures vanquished.

Vanquished Creatures (others)
  A slime creature (D:12)
  An orc wizard (D:4)
  29 fungi
  94 plants
  4 toadstools (D:1)
129 creatures vanquished.

Grand Total: 895 creatures vanquished

Table legend:
 A = Non-vault XP
 B = Vault XP
 C = Vault XP percentage of total XP
 D = Non-vault monster count
 E = Vault monster count
 F = Vault count percentage of total count
                 A         B        C        D         E       F
            +---------+---------+-------+---------+---------+-------
      Total |  103762 |   56757 |  35.4 |     562 |     205 |  26.7
            +---------+---------+-------+---------+---------+-------
        D:1 |      28 |       0 |   0.0 |      16 |       0 |   0.0
        D:2 |      44 |      36 |  45.0 |      17 |       1 |   5.6
        D:3 |     138 |       0 |   0.0 |      11 |       0 |   0.0
        D:4 |     877 |     369 |  29.6 |      39 |       9 |  18.8
        D:5 |     633 |     436 |  40.8 |      16 |       3 |  15.8
        D:6 |     369 |       0 |   0.0 |      11 |       0 |   0.0
        D:7 |    1639 |    1246 |  43.2 |      17 |       5 |  22.7
        D:8 |    2154 |       0 |   0.0 |      28 |       0 |   0.0
        D:9 |    4963 |       0 |   0.0 |      32 |       0 |   0.0
       D:10 |    1443 |     927 |  39.1 |      23 |       3 |  11.5
       D:11 |    2574 |     881 |  25.5 |      30 |       1 |   3.2
       D:12 |    6529 |       0 |   0.0 |      25 |       0 |   0.0
       D:13 |    2495 |     918 |  26.9 |       7 |       1 |  12.5
       D:14 |    8633 |   11232 |  56.5 |      15 |      21 |  58.3
       D:15 |    9461 |    4736 |  33.4 |      23 |       9 |  28.1
     Lair:1 |   11166 |    5944 |  34.7 |      40 |      13 |  24.5
     Lair:2 |    6831 |    4300 |  38.6 |      25 |      14 |  35.9
     Lair:3 |    4772 |    1553 |  24.6 |      21 |       4 |  16.0
     Lair:4 |    8137 |     858 |   9.5 |      32 |      12 |  27.3
     Lair:5 |    9475 |    1666 |  15.0 |      28 |       8 |  22.2
     Lair:6 |    9520 |   10801 |  53.2 |      33 |      23 |  41.1
      Orc:1 |    4932 |     851 |  14.7 |      43 |       1 |   2.3
      Orc:2 |    2104 |    9985 |  82.6 |      24 |      72 |  75.0
   Depths:1 |    4845 |       0 |   0.0 |       6 |       0 |   0.0
      Sewer |       0 |      18 | 100.0 |       0 |       5 | 100.0
            +---------+---------+-------+---------+---------+-------

Illustrated notes

Table legend:
 A = Kills in this place as a percentage of kills in entire the game.
 B = Kills by you in this place as a percentage of kills by you in the entire game.
 C = Kills by friends in this place as a percentage of kills by friends in the entire game.
 D = Other kills in this place as a percentage of other kills in the entire game.
 E = Experience gained in this place as a percentage of experience gained in the entire game.
 F = Experience gained in this place divided by the number of levels of this place that you have seen.
                   A       B       C       D       E      F
               +-------+-------+-------+-------+-------+----------------------
         Total | 100.0 | 100.0 |   N/A | 100.0 | 100.0 | 6173.8
       Dungeon |  47.3 |  47.3 |   N/A | 100.0 |  39.1 | 4184.1
          Lair |  33.0 |  33.0 |   N/A |   0.0 |  46.7 | 12503.8
  Orcish Mines |  18.3 |  18.3 |   N/A |   0.0 |  11.1 | 8936.0
        Depths |   0.8 |   0.8 |   N/A |   0.0 |   3.0 | 4845.0
         Sewer |   0.7 |   0.7 |   N/A |   0.0 |   0.0 |  18.0
               +-------+-------+-------+-------+-------+----------------------

Table legend: (Time is in decaauts)
 A = Elapsed time spent in this place.
 B = Non-inter-level travel time spent in this place.
 C = Inter-level travel time spent in this place.
 D = Time resting spent in this place.
 E = Time spent auto-exploring this place.
 F = Levels seen in this place.
 G = Mean time per level.
                   A        B        C        D        E       F      G
               +--------+--------+--------+--------+--------+-----+--------+
         Total |  30154 |  28726 |   1428 |   8984 |   8161 |  26 | 1159.8 |
       Dungeon |  21979 |  20927 |   1052 |   8040 |   4850 |  15 | 1465.3 |
        Temple |     61 |     48 |     13 |      0 |     39 |   1 |   61.0 |
          Lair |   5345 |   5134 |    211 |    496 |   2649 |   6 |  890.8 |
  Orcish Mines |   2312 |   2162 |    150 |    412 |    602 |   2 | 1156.0 |
        Depths |     88 |     88 |      0 |      0 |     20 |   1 |   88.0 |
         Sewer |    368 |    368 |      0 |     35 |      0 |   1 |  368.0 |
               +--------+--------+--------+--------+--------+-----+--------+

Top non-repeatable levels by time:
    D:13: 2734 daAuts
    D:14: 2685 daAuts
     D:4: 2320 daAuts
    D:15: 1824 daAuts
   Orc:2: 1509 daAuts
     D:5: 1412 daAuts
    D:12: 1411 daAuts
     D:9: 1403 daAuts
     D:7: 1373 daAuts
     D:8: 1352 daAuts
  Lair:1: 1337 daAuts
    D:11: 1093 daAuts
     D:3: 1032 daAuts
  Lair:2: 1023 daAuts
     D:1: 990 daAuts
